Map: Moondance

Players

PtitDrogo

  • Race: Protoss Protoss
  • Spawn Location: 6:00

NightMare - Winner!

  • Race: Protoss Protoss
  • Spawn Location: 12:00

Event: DreamHack SC2 Masters 2022 Atlanta (Offline)

VOD

Have the link to the VOD?

Description

Time

  • Played on: Nov. 18, 2022, 3:49 p.m.
  • Length: 12:44

All games in this series

Show
View Real Time Build Order
Export as new Build Order

PtitDrogo Protoss 

Build Orders:  

Get SALT Encoding   

  12  0:00  Probe  
  13  0:12  Probe  
  14  0:17  Pylon  
  14  0:24  Probe (Chrono Boost)  
  15  0:36  Probe (Chrono Boost)  
  15  0:37  Gateway  
  16  0:44  Probe (Chrono Boost)  
  17  0:51  Probe  
  17  0:56  Assimilator  
  18  1:01  Gateway  
  18  1:03  Probe  
  19  1:16  Probe  
  20  1:23  Cybernetics Core  
  20  1:26  Pylon  
  20  1:28  Probe  
  21  1:35  Zealot  
  23  1:44  Probe  
  23  1:46  Pylon  
  24  1:56  Probe  
  24  2:00  Stalker  
  27  2:05  Stalker  
  29  2:10  Probe  
  29  2:11  Warp Gate (Chrono Boost)  
  30  2:23  Probe  
  31  2:41  Nexus  
  31  2:47  Probe  
  31  2:49  Stalker  
  33  3:02  Probe  
  32  3:06  Shield Battery  
  32  3:07  Stalker  
  32  3:12  Pylon  
  34  3:17  Assimilator  
  34  3:25  Pylon  
  34  3:30  Probe  
  35  3:42  Probe  
  34  3:54  Probe x2 (Chrono Boost)  
  34  3:59  Stalker x2  
  38  4:03  Twilight Council  
  38  4:05  Probe (Chrono Boost)  
  38  4:06  Probe (Chrono Boost)  
  40  4:10  Probe x2 (Chrono Boost)  
  42  4:20  Probe  
  42  4:21  Probe  
  42  4:22  Stalker  
  46  4:25  Stalker  
  48  4:32  Probe  
  48  4:33  Probe  
  48  4:37  Assimilator  
  50  4:40  Pylon  
  50  4:44  Probe  
  51  4:45  Probe  
  52  4:56  Probe, Stalker x2  
  53  5:05  Shield Battery  
  46  5:17  Probe  
  46  5:19  Stalker x2  
  48  5:21  Probe  
  49  5:29  Dark Shrine, Probe  
  49  5:33  Probe  
  51  5:41  Probe  
  52  5:43  Stalker x2  
  52  5:46  Probe  
  57  5:53  Probe  
  57  5:54  Blink (Chrono Boost)  
  57  5:56  Pylon  
  58  5:58  Probe  
  59  6:05  Probe  
  59  6:10  Probe  
  61  6:12  Nexus  
  61  6:15  Pylon  
  61  6:17  Probe  
  62  6:21  Gateway  
  62  6:25  Robotics Facility  
  60  6:33  Stalker x2  
  60  6:36  Probe  
  63  6:42  Probe  
  63  6:45  Shield Battery  
  64  6:52  Dark Templar, Gateway  
  66  6:55  Probe  
  66  6:56  Dark Templar, Probe  
  70  7:08  Probe, Pylon  
  71  7:13  Observer (Chrono Boost)  
  72  7:18  Probe  
  72  7:20  Probe  
  72  7:21  Stalker, Assimilator  
  72  7:22  Stalker  
  76  7:27  Probe  
  77  7:30  Probe  
  77  7:32  Probe  
  77  7:35  Forge, Stalker  
  81  7:39  Probe  
  81  7:40  Assimilator  
  82  7:47  Robotics Bay  
  82  7:49  Gateway x2  
  82  7:52  Gateway  
  82  7:58  Charge (Chrono Boost)  
  82  8:04  Protoss Ground Weapons Level 1 (Chrono Boost)  
  82  8:06  Pylon  
  82  8:08  Pylon  
  82  8:10  Photon Cannon  
  82  8:15  Nexus  
  82  8:23  Zealot x3  
  87  8:39  Stalker  
  88  8:45  Stalker x5  
  91  8:53  Stalker  
  89  9:07  Dark Templar  
  89  9:08  Disruptor (Chrono Boost)  
  85  9:10  Zealot x5  
  85  9:16  Dark Templar  
  82  9:30  Zealot x5  
  82  9:36  Disruptor (Chrono Boost)  
  79  9:41  Stalker  
  80  9:52  Stalker x5  
  86  9:57  Dark Templar  
  92  10:02  Archon  
  92  10:04  Protoss Ground Weapons Level 2 (Chrono Boost)  
  92  10:09  Disruptor (Chrono Boost)  
  92  10:12  Zealot  
  97  10:21  Nexus  
  97  10:24  Shield Battery  
  94  10:34  Stalker x2  
  75  10:42  Zealot x2  
  62  10:56  Stalker  
  62  10:57  Stalker x4  
  68  11:03  Observer (Chrono Boost)  
  66  11:13  Zealot x2  
  66  11:17  Probe x3  
  73  11:20  Disruptor (Chrono Boost), Dark Templar  
  78  11:27  Zealot x2  
  82  11:36  Stalker  
  83  11:44  Disruptor (Chrono Boost)  
  84  11:47  Dark Templar x2  
  84  11:48  Zealot  
  81  12:10  Zealot x3, Stalker x2  
  62  12:23  Stalker x2  
  60  12:32  Stalker x3  
  60  12:33  Zealot x2  
Show
View Real Time Build Order
Export as new Build Order

NightMare Protoss - Winner!

Build Orders: Oracle Opening 

Get SALT Encoding   

  12  0:00  Probe  
  13  0:12  Probe  
  14  0:16  Pylon  
  14  0:24  Probe (Chrono Boost)  
  15  0:36  Probe (Chrono Boost)  
  15  0:37  Gateway  
  16  0:44  Probe (Chrono Boost)  
  16  0:49  Assimilator  
  17  0:53  Assimilator  
  17  0:56  Probe (Chrono Boost)  
  18  1:08  Probe (Chrono Boost), Assimilator  
  19  1:15  Probe (Chrono Boost)  
  20  1:22  Probe  
  20  1:23  Cybernetics Core  
  21  1:31  Pylon  
  21  1:34  Probe  
  22  1:46  Probe  
  23  1:58  Probe  
  23  2:00  Adept (Chrono Boost)  
  26  2:02  Warp Gate  
  26  2:11  Probe  
  26  2:15  Stargate  
  27  2:17  Pylon  
  27  2:23  Stalker  
  29  2:35  Gateway  
  28  2:41  Shield Battery  
  28  3:00  Oracle  
  29  3:09  Nexus  
  29  3:12  Stalker  
  31  3:18  Shield Battery  
  31  3:21  Probe  
  32  3:29  Stalker  
  32  3:33  Probe  
  34  3:45  Probe  
  35  3:55  Stalker  
  37  3:57  Probe  
  37  3:58  Twilight Council  
  38  4:09  Probe  
  39  4:11  Pylon  
  39  4:21  Probe, Stalker x2  
  44  4:25  Probe  
  45  4:33  Probe, Blink (Chrono Boost)  
  45  4:37  Probe  
  48  4:45  Probe  
  48  4:49  Probe  
  49  4:57  Probe  
  49  4:58  Stalker x2  
  54  5:01  Probe  
  51  5:09  Probe  
  51  5:12  Probe  
  53  5:16  Robotics Facility  
  53  5:18  Assimilator  
  53  5:20  Probe  
  48  5:22  Probe  
  48  5:24  Adept  
  48  5:26  Adept  
  48  5:28  Probe  
  54  5:31  Pylon  
  54  5:34  Probe  
  56  5:37  Gateway  
  56  5:40  Probe  
  57  5:46  Probe  
  58  5:50  Stalker x2  
  62  6:02  Nexus  
  62  6:04  Pylon  
  62  6:05  Observer  
  62  6:08  Probe x2  
  65  6:17  Stalker x2  
  69  6:20  Probe  
  69  6:22  Probe  
  71  6:26  Forge  
  71  6:36  Probe  
  71  6:37  Probe  
  71  6:38  Gateway  
  73  6:40  Charge (Chrono Boost), Gateway  
  73  6:44  Sentry  
  75  6:49  Probe x2  
  75  6:50  Protoss Ground Weapons Level 1 (Chrono Boost)  
  75  6:51  Pylon  
  77  7:02  Probe  
  77  7:04  Gateway  
  77  7:06  Gateway  
  78  7:09  Probe  
  79  7:23  Photon Cannon, Stalker x3  
  79  7:28  Warp Prism, Pylon  
  87  7:42  Observer  
  87  7:47  Nexus  
  87  7:48  Pylon  
  87  7:50  Photon Cannon  
  87  7:52  Probe x3  
  87  7:54  Pylon  
  87  7:55  Zealot  
  87  7:56  Zealot  
  94  7:59  Zealot  
  94  8:01  Zealot  
  94  8:05  Observer  
  99  8:09  Pylon x2  
  99  8:10  Zealot  
  101  8:14  Zealot x2  
  101  8:16  Zealot  
  101  8:19  Zealot  
  109  8:23  Zealot x2  
  113  8:44  Zealot x2, Protoss Ground Weapons Level 2 (Chrono Boost)  
  113  8:45  Zealot x5  
  123  8:48  Templar Archives  
  121  9:01  Gateway  
  104  9:11  Observer (Chrono Boost)  
  104  9:12  Zealot x6  
  104  9:13  Zealot  
  113  9:19  Probe x3  
  113  9:20  Probe  
  97  9:34  Zealot x3  
  97  9:35  Zealot x2  
  97  9:36  Zealot x2  
  107  9:57  Gateway  
  107  9:58  Observer  
  107  9:59  Observer, Robotics Facility  
  108  10:00  Gateway  
  108  10:01  Robotics Bay  
  108  10:03  Photon Cannon  
  108  10:07  Stalker x6  
  108  10:08  Stalker x2  
  124  10:17  Photon Cannon  
  119  10:33  Zealot  
  119  10:34  Zealot x2, Probe x4  
  119  10:35  Observer  
  97  10:45  Zealot x3  
  97  10:46  Disruptor x2 (Chrono Boost), Zealot x2, Probe x3  
  116  10:56  Dark Shrine  
  110  10:58  Probe x3  
  110  11:00  Assimilator  
  110  11:01  Probe, Assimilator  
  112  11:10  Probe x2  
  110  11:15  Observer  
  110  11:17  Pylon  
  110  11:26  Zealot x10  
  130  11:33  Photon Cannon  
  130  11:36  Pylon  
  127  11:56  Stalker x8  
  127  11:57  Stalker  
  127  11:59  Stalker  
  108  12:23  Stalker x9  
  108  12:24  Stalker  
Tags
 
Add a new tag
Caveats
  • Supply blocks, unpowered buildings, or Contaminate may cause inaccurate times.
  • Supply counts are checked every 10 seconds.